 Dungeon Crawl Stone Soup version 0.31-a0-700-gf13585253f (webtiles) character file.

Game seed: 5507707405600569663

151 qw the Shooter (level 5, -5/32 HPs)
             Began as a Gargoyle Hunter on Sept 7, 2023.
             Slain by an ogre
             ... wielding a +0 giant club
              (9 damage)
             ... on level 4 of the Dungeon.
             The game lasted 00:00:52 (2631 turns).

qw the Shooter (Gargoyle Hunter)                    Turns: 2631, Time: 00:00:53

Health: -5/32      AC: 10    Str: 14    XL:     5   Next: 33%
Magic:  5/5        EV: 10    Int: 10    God:
Gold:   139        SH:  0    Dex: 15    Spells: 4/4 levels left

rFire   . . .        Y - +1 shortbow
rCold   . . .        (shield currently unavailable)
rNeg    + . .        f - +1 ring mail of the Evil One {+Inv}
rPois   inf          (no helmet)
rElec   +            (no cloak)
rCorr   .            (no gloves)
SInv    .            (no boots)
Will    .....        (no amulet)
Stlth   +            (no ring)
HPRegen 0.25/turn    (no ring)
MPRegen 0.09/turn

%: no passive effects
@: no status effects
A: sickness immunity, AC +4, negative energy resistance 1, electricity
resistance, torment resistance 1, petrification resistance
a: Evoke Invisibility


You were on level 4 of the Dungeon.
You visited 1 branch of the dungeon, and saw 5 of its levels.

You collected 139 gold pieces.


Innate Abilities, Weirdness & Mutations

You are immune to sickness and miasma.
Your stone body is resilient. (AC +4)
You are immune to poison.
You resist negative energy. (rN+)
You are resistant to electric shocks. (rElec)
You are resistant to unholy torment.
You are immune to petrification.


   Skills:
 + Level 3.0 Fighting
 - Level 6.0 Ranged Weapons
 - Level 1.2 Armour
 - Level 1.5 Dodging
 - Level 1.1 Stealth


You had 4 spell levels left.
You didn't know any spells.
Your spell library was empty.

Inventory:

Hand Weapons
 Y - a +1 shortbow (weapon)
Armour
 f - the +1 ring mail of the Evil One (worn) {+Inv}
   (You found it on level 2 of the Dungeon)

   +Inv:      It lets you turn invisible.
Scrolls
 a - a scroll of identify
Potions
 b - a potion of ambrosia {unknown}
 d - a potion of heal wounds {unknown}
 e - a potion of berserk rage {unknown}

Dungeon Overview and Level Annotations

Branches:
Dungeon (5/15)
 Temple: D:4-7

Altars:
Kikubaaqudgha


Message History

The adder barely misses you.
An orc comes into view. It is wielding a +0 club.
You have reached level 5!
You shoot an arrow. The arrow closely misses the adder.
The arrow hits the ogre.
The ogre is lightly wounded.
The adder closely misses you. The adder bites you but does no damage.
The orc hits you but does no damage.
You shoot an arrow. The arrow hits the adder.
The adder is moderately wounded.
The adder closely misses you. The orc closely misses you.
You shoot an arrow. The arrow closely misses the adder.
The arrow hits the ogre.
The ogre is heavily wounded.
The adder bites you. The orc completely misses you.
The adder barely misses you.
You shoot an arrow. The arrow hits the adder!
You kill the adder!
An orc comes into view. It is wielding a +0 flail.
The orc hits you but does no damage.
You shoot an arrow. The arrow hits the orc.
The orc is heavily wounded.
The orc closely misses you. The orc hits you but does no damage.
The orc completely misses you. The orc barely misses you.
You shoot an arrow. The arrow completely misses the orc.
The orc hits you but does no damage. The orc barely misses you.
You shoot an arrow. The arrow hits the orc.
You kill the orc!
The orc barely misses you.
You shoot an arrow. The arrow hits the orc!
You kill the orc!
Your Ranged Weapons skill increases to level 6!
You shoot an arrow. The arrow barely misses the ogre.
The arrow hits the orc but does no damage.
The ogre barely misses you.
You shoot an arrow. The arrow hits the ogre.
The ogre is heavily wounded.
The ogre hits you with a +0 giant club!!
Ouch! That really hurt!
You shoot an arrow. The arrow hits the ogre.
The ogre is heavily wounded.
The ogre hits you with a +0 giant club!
You die...

##.#.#.#.#S#.#.#.#.#.#.#.#.#
##.#.#.#.#.#.#.#.#.#.#.#.#.#.#
..#.#.#.#.#.#.#.#.#.#.#.#.#.#.##
..#.#.#.#.#.#.#.#.#.#.#.#.#.#..
##.#.#.#.#.#.#.#.#.# #.#.#.#.##
#.#.#.#.#.#.#S#.#.#.#.#.#.#.#.#
##.#.#.#.#.#o#.#.#.#.#.#)#.#.##
#.#.#.#.#.#.#O#)#.#.#.#.#.#.#.#
##.#.#.#.#.#.#@#.#.#.#.#.#.#.##
#.#.#.#.#.#.#.#.#.#.#<#.#.#.#.#
##.#.#.#.#.#.#.#.#.#.#.#.#.#.##
#.#.#.#.#.#.#.#.#.#.#.#.#.#.#.#
##.#.#.#.#.#.#.#.#.#.#.#.#.#.##
###.#.#.#.#.#.#.#.#.#.#.#.#.#.#.#
...#.#.#.#.#.#.#.#.<.#.#.#.#.#.##
###.#.#.#.#.#.#.#.#.#.#.#.#.#.#.#
# ############.#......#.)......).


You could see an ogre and an orc.

Vanquished Creatures
  An orc priest (D:4)
  An orc wizard (D:4)
  4 adders
  2 worms
  5 orcs (D:4)
  A bat (D:2)
  A bat zombie (D:3)
  5 endoplasms
  4 giant cockroaches
  4 goblins
  3 hobgoblins
  7 kobolds
  2 quokkas
  5 ball pythons
  2 frilled lizards (D:1)
  2 rats
  2 rat zombies (D:3)
51 creatures vanquished.

Notes
Turn   | Place    | Note
-------+----------+-------------------------------------------
     0 | D:1      | qw the Gargoyle Hunter began the quest for the Orb.
     0 | D:1      | Reached XP level 1. HP: 12/12 MP: 1/1
     0 | D:1      | 0 ||| qw: Version: 0.3-a-76-g4403597
     0 | D:1      | 0 ||| qw: Game counter: 532
     0 | D:1      | 0 ||| qw: Melee chars always use a shield: true
     0 | D:1      | 0 ||| qw: God list: Okawaru
     0 | D:1      | 0 ||| qw: Allow faded altars: false
     0 | D:1      | 0 ||| qw: Do Orc after clearing Dungeon:15 true
     0 | D:1      | 0 ||| qw: Do second Lair branch before Depths: true
     0 | D:1      | 0 ||| qw: Lair rune preference: random
     0 | D:1      | 0 ||| qw: Goals: Normal
     0 | D:1      | 0 ||| PLANNING D:1-11
   308 | D:1      | Reached XP level 2. HP: 17/17 MP: 2/2
   954 | D:1      | 954 ||| READING scroll labelled QOLUTWURINE.
   955 | D:1      | 955 ||| READING scroll labelled DAVIDI ROYG.
   956 | D:1      | 956 ||| READING scroll labelled YJIEDI TAXINU.
   957 | D:1      | 957 ||| READING scroll labelled JESETUZOEPA.
   958 | D:1      | 958 ||| DROPPING scroll of butterflies.
  1020 | D:2      | Reached XP level 3. HP: 21/21 MP: 3/3
  1070 | D:2      | Reached skill level 5 in Ranged Weapons
  1349 | D:2      | Identified the +1 ring mail of the Evil One {+Inv}
  1779 | D:2      | 1779 ||| UPGRADING to +1 ring mail of the Evil One {+Inv}.
  1789 | D:2      | 1789 ||| DROPPING +0 leather armour.
  1790 | D:2      | 1790 ||| READING scroll labelled DOENAYB WOKHA.
  1795 | D:2      | 1795 ||| READING scroll labelled XAGIGH FYMIPN.
  1854 | D:3      | Reached skill level 1 in Armour
  1895 | D:3      | You fall into a shaft and drop 2 floors!
  1895 | D:5      | Entered Level 5 of the Dungeon
  1979 | D:4      | Reached XP level 4. HP: 20/27 MP: 4/4
  2038 | D:4      | Reached skill level 3 in Fighting
  2074 | D:4      | 2074 ||| READING 3 scrolls labelled MUNO QIK MUDGH.
  2075 | D:4      | 2075 ||| READING scroll labelled ANYRIZ XIMNY.
  2096 | D:4      | 2096 ||| DROPPING 2 scrolls of vulnerability.
  2126 | D:3      | Found a faded altar of an unknown god.
  2217 | D:3      | Found an ancient bone altar of Kikubaaqudgha.
  2494 | D:3      | 2494 ||| READING scroll labelled SYOMOT CUETZ.
  2595 | D:4      | Noticed an ogre
  2596 | D:4      | 2596 ||| RETREATING.
  2598 | D:4      | 2598 ||| Stepping ~*~*~tactically~*~*~ (retreating).
  2599 | D:4      | 2599 ||| Stepping ~*~*~tactically~*~*~ (retreating).
  2601 | D:4      | 2601 ||| Stepping ~*~*~tactically~*~*~ (retreating).
  2608 | D:4      | 2608 ||| Stepping ~*~*~tactically~*~*~ (retreating).
  2610 | D:4      | 2610 ||| Stepping ~*~*~tactically~*~*~ (retreating).
  2612 | D:4      | 2612 ||| Stepping ~*~*~tactically~*~*~ (retreating).
  2613 | D:4      | 2613 ||| Stepping ~*~*~tactically~*~*~ (retreating).
  2614 | D:4      | 2614 ||| Stepping ~*~*~tactically~*~*~ (retreating).
  2615 | D:4      | 2615 ||| Stepping ~*~*~tactically~*~*~ (retreating).
  2621 | D:4      | Reached XP level 5. HP: 21/32 MP: 5/5
  2629 | D:4      | Reached skill level 6 in Ranged Weapons
  2630 | D:4      | HP: 3/32 [ogre/+0 giant club (19)]
  2631 | D:4      | Slain by an ogre

Levels and vault maps discovered:
D:1:      matt_arrival_refuge, layout_basic
D:2:      layout_loops_corners
D:3:      layout_rooms, lemuel_zombie_altar_kikubaaqudgha,
          shapermc_ecumenical_altar_pompeii
D:4:      layout_basic, uniq_grinder
D:5:      layout_loops_cross, corner_web_ring, minmay_manual_mail, uniq_edmund

Skill      XL: |  1  2  3  4  5 |
---------------+----------------+-----
Ranged Weapons | 5 6 |  6.0
Armour         | 1 |  1.2
Fighting       | 3 |  3.0
Dodging        | |  1.5
Stealth        | |  1.1

Action                     |  1- 3 |  4- 6 || total
---------------------------+-------+-------++-------
   Fire: Shortbow          |   101 |    77 ||   178
    Use: Scroll            |     6 |     3 ||     9
 Armour: Leather armour    |     5 |       ||     5
         Ring mail         |    12 |    33 ||    45
  Dodge: Dodged            |    37 |    26 ||    63

Table legend:
 A = Non-vault XP
 B = Vault XP
 C = Vault XP percentage of total XP
 D = Non-vault monster count
 E = Vault monster count
 F = Vault count percentage of total count
                 A         B        C        D         E       F
            +---------+---------+-------+---------+---------+-------
      Total |     212 |       4 |   1.9 |      48 |       3 |   5.9
            +---------+---------+-------+---------+---------+-------
        D:1 |      27 |       0 |   0.0 |      17 |       0 |   0.0
        D:2 |      27 |       0 |   0.0 |       7 |       0 |   0.0
        D:3 |      32 |       4 |  11.1 |      10 |       3 |  23.1
        D:4 |     126 |       0 |   0.0 |      14 |       0 |   0.0
            +---------+---------+-------+---------+---------+-------
